[Event "58th Akiba Rubinstein D 2022"]
[Site "Polanica-Zdroj"]
[Date "2022.08.15"]
[Round "3.28"]
[White "Gorecka, Zuzanna"]
[Black "Klisowski, Bartosz"]
[Result "0-1"]
[ECO "A15"]
[WhiteElo "1287"]
[BlackElo "1595"]
[Annotator "NA RC"]
[PlyCount "146"]
[EventDate "2022.08.13"]
[EventCountry "POL"]
[SourceTitle "playchess.com"]
[Source "ChessBase"]
[SourceQuality "1"]
[TimeControl "40/5400+30:1800+30"]

1. c4 Nf6 2. Nf3 g6 3. d4 c5 4. Nc3 cxd4 5. Qxd4 Nc6 6. Qd1 Bg7 7. g3 O-O 8. Bg2 d6 9. O-O h6 10. Rb1 Bf5 11. Ra1 Rc8 12. Nh4 Be6 13. Nd5 Kh7 14. f4 Bxd5 15. cxd5 Qb6+ 16. Kh1 Nd4 17. h3 Nh5 18. Kh2 Nc2 19. Rb1 Bf6 20. Nf3 Ne3 21. Bxe3 Qxe3 22. b3 Rc3 23. Qe1 Rc2 24. Qf2 Qxe2 25. Qxe2 Rxe2 26. a3 Ra2 27. a4 Rc8 28. Ne1 Rc3 29. Rf3 Rxf3 30. Nxf3 Ng7 31. g4 Ne8 32. Kg3 Nc7 33. Ne1 Rd2 34. Rc1 Na6 35. Rb1 Nb4 36. Rc1 Rb2 37. Rc7 Rxb3+ 38. Kh2 Na6 39. Rc4 Nc5 40. Nf3 Ra3 41. g5 hxg5 42. fxg5 Bg7 43. Rh4+ Kg8 44. Nd2 Rxa4 45. Rxa4 Nxa4 46. Nb3 b6 47. Bf1 Nc3 48. Bc4 a5 49. Nc1 b5 50. Bb3 a4 51. Bc2 b4 52. Kg2 b3 53. Nxb3 axb3 54. Bxb3 Kf8 55. Kf3 Be5 56. h4 Nb5 57. Kg4 Nd4 58. Ba2 f5+ 59. gxf6 Bxf6 60. Bb1 Kf7 61. Be4 Nf5 62. h5 Nh6+ 63. Kf4 gxh5 64. Bf3 Ng4 65. Be4 Nf2 66. Bf5 Nd1 67. Be6+ Kg6 68. Bf5+ Kh6 69. Be6 Nc3 70. Kf5 h4 71. Kf4 Bg5+ 72. Kg4 Kg6 73. Kf3 Kf6 0-1

[Event "58th Akiba Rubinstein D 2022"]
[Site "Polanica-Zdroj"]
[Date "2022.08.15"]
[Round "3.29"]
[White "Wziatek, Marek"]
[Black "Gawlik, Pawel"]
[Result "1-0"]
[ECO "A13"]
[WhiteElo "1617"]
[BlackElo "1311"]
[Annotator "NA RC"]
[PlyCount "75"]
[EventDate "2022.08.13"]
[EventCountry "POL"]
[SourceTitle "playchess.com"]
[Source "ChessBase"]
[SourceQuality "1"]
[TimeControl "40/5400+30:1800+30"]

1. c4 e6 2. Nf3 d5 3. e3 c5 4. cxd5 exd5 5. d4 Nc6 6. Be2 Nf6 7. O-O c4 8. a4 Na5 9. Nfd2 Qb6 10. Nc3 Bb4 11. Bf3 Bxc3 12. bxc3 O-O 13. Rb1 Qc6 14. Ba3 Re8 15. Bb4 Qc7 16. Bxa5 Qxa5 17. Qc2 a6 18. e4 dxe4 19. Nxc4 Qg5 20. Bd1 Bh3 21. Ne3 Nd5 22. Kh1 Nxe3 23. fxe3 Bc8 24. Qf2 f6 25. c4 Rb8 26. Qf4 Qxf4 27. Rxf4 Bd7 28. Rb6 Bc6 29. Rf2 Rec8 30. Rfb2 Kf8 31. Kg1 Ke8 32. a5 Kd8 33. Be2 f5 34. h4 g6 35. Kf2 Ke8 36. Kg1 Kd8 37. Kf2 Ke8 38. Kg3 1-0

[Event "58th Akiba Rubinstein D 2022"]
[Site "Polanica-Zdroj"]
[Date "2022.08.15"]
[Round "3.30"]
[White "Mazus, Jakub"]
[Black "Butkiewicz, Jan"]
[Result "0-1"]
[ECO "B35"]
[WhiteElo "1241"]
[BlackElo "1613"]
[Annotator "NA RC"]
[PlyCount "102"]
[EventDate "2022.08.13"]
[EventCountry "POL"]
[SourceTitle "playchess.com"]
[Source "ChessBase"]
[SourceQuality "1"]
[TimeControl "40/5400+30:1800+30"]

1. e4 c5 2. Nf3 Nc6 3. d4 cxd4 4. Nxd4 g6 5. Nc3 Bg7 6. Be3 Nf6 7. Bc4 O-O 8. Bb3 a5 9. a4 Ng4 10. Nxc6 Nxe3 11. Nxd8 Nxd1 12. Rxd1 Rxd8 13. Nd5 e6 14. Nb6 Rb8 15. Bc4 Bxb2 16. Bb5 Bc3+ 17. Ke2 d6 18. Rd3 Bb4 19. Rhd1 Kf8 20. Nc4 Ke7 21. c3 Bc5 22. Nxa5 Bd7 23. Rb1 b6 24. Bxd7 Kxd7 25. Nc4 Kc7 26. Nd2 Ra8 27. Ra1 Ra7 28. Nb3 Rda8 29. Nxc5 dxc5 30. Rad1 Rxa4 31. Rd7+ Kc6 32. R1d6+ Kb5 33. Kd3 R4a7 34. c4+ Ka6 35. Kc3 Rxd7 36. Rxd7 Ra7 37. Rd8 h5 38. h4 Kb7 39. Rf8 Kc6 40. Rc8+ Kd6 41. Rb8 Ra6 42. Rb7 f5 43. Rg7 Ra2 44. exf5 gxf5 45. f3 Ke5 46. Rg5 Ra3+ 47. Kc2 Kd4 48. Rxh5 Kxc4 49. Rh6 Ra2+ 50. Kd1 Rxg2 51. Rxe6 b5 0-1

[Event "58th Akiba Rubinstein D 2022"]
[Site "Polanica-Zdroj"]
[Date "2022.08.16"]
[Round "4.1"]
[White "Jasiulewicz, Dawid"]
[Black "Straszewski, Tomasz"]
[Result "1-0"]
[ECO "A44"]
[WhiteElo "1525"]
[BlackElo "1716"]
[Annotator "NA RC"]
[PlyCount "101"]
[EventDate "2022.08.13"]
[EventCountry "POL"]
[SourceTitle "playchess.com"]
[Source "ChessBase"]
[SourceQuality "1"]
[TimeControl "40/5400+30:1800+30"]

1. d4 c5 2. d5 e5 3. e4 d6 4. c4 g6 5. Nf3 Bg7 6. Nc3 Ne7 7. Be2 O-O 8. h4 Bg4 9. Be3 Bxf3 10. Bxf3 f5 11. h5 f4 12. Bd2 g5 13. Bg4 h6 14. Qa4 Na6 15. a3 Kh8 16. Qd7 Qxd7 17. Bxd7 Rfd8 18. Bg4 Ng8 19. f3 Nf6 20. Bf5 Kg8 21. g4 Kf8 22. Nb5 b6 23. Ke2 Ke7 24. b4 Ne8 25. Rhb1 Rdb8 26. a4 Rb7 27. a5 bxa5 28. Rxa5 Nxb4 29. Bxb4 cxb4 30. Kd3 a6 31. Rxb4 Rb6 32. Na7 Rxb4 33. Nc6+ Kf8 34. Nxb4 Rb8 35. Kc3 Nc7 36. Bd7 Ra8 37. Kb3 Bf6 38. Bc6 Rb8 39. Ka4 Rb6 40. c5 dxc5 41. Rxc5 Be7 42. Rc4 Ne8 43. Bxe8 Kxe8 44. Nd3 Bd6 45. Nc5 Ke7 46. Rc3 Kd8 47. Nd3 Kd7 48. Ka5 Bc7 49. Nc5+ Kd6 50. Nxa6 Rc6+ 51. Nxc7 1-0

[Event "58th Akiba Rubinstein D 2022"]
[Site "Polanica-Zdroj"]
[Date "2022.08.16"]
[Round "4.2"]
[White "Gibala, Adam"]
[Black "Zerebiec, Maurycy"]
[Result "1/2-1/2"]
[ECO "C02"]
[WhiteElo "1549"]
[BlackElo "1915"]
[Annotator "TA"]
[PlyCount "171"]
[EventDate "2022.08.13"]
[EventCountry "POL"]
[SourceTitle "playchess.com"]
[Source "ChessBase"]
[SourceQuality "1"]
[TimeControl "40/5400+30:1800+30"]

1. e4 e6 2. d4 d5 3. e5 c5 4. c3 Qd7 5. Nf3 b6 6. Be2 {[%emt 0:00:20] C02: French: Advance Variation.} Ba6 7. O-O Ne7 {[%emt 0:00:06] [#]} 8. b4 $146 ({Predecessor:} 8. a4 Nec6 {½-½ (8) Sapale,S (2308)-Drazic,S (2441) Novi Sad 2018}) 8... h5 (8... cxb4 $11 9. cxb4 Bxe2 10. Qxe2 Nbc6) 9. Ba3 (9. dxc5 $16 bxc5 10. bxc5) 9... Nf5 (9... cxb4 $11 10. Bxb4 Bxe2 11. Qxe2 Nbc6) 10. bxc5 $14 bxc5 11. Bxa6 Nxa6 12. Nbd2 (12. Qe2 $5 Qa4 13. Rc1 $11) 12... Be7 13. Qe2 Qa4 14. Bxc5 Bxc5 15. dxc5 Nxc5 16. c4 d4 17. Ne4 d3 18. Qe1 Qxc4 19. Nxc5 Qxc5 20. Qe4 {[%emt 0:00:08][%csl LRa8,LRd3] Inhibits Nd4.} O-O {[%emt 0:07:59] next ...Rfd8 is good for Black.} 21. Qxd3 Rfd8 22. Qe4 Rac8 23. Qf4 Qc4 (23... Nd4 $5 24. Rae1 Nxf3+ 25. Qxf3 g6 $15) 24. Qg5 Qg4 25. Rfb1 (25. Rfd1 $11 Qxg5 26. Nxg5) 25... Qxg5 (25... Nd4 $15 26. Qxg4 hxg4 27. Nxd4 Rxd4) 26. Nxg5 $11 Rd7 {[%emt 0:00:11] Against Rb7} 27. Rb2 Rdc7 {[%emt 0:00:32] ( -> ...Rc1+)} 28. g3 g6 29. Rab1 Nh6 30. h3 Nf5 31. Rb7 Nd4 32. Kg2 Nc6 (32... h4 $11 {was preferrable.}) 33. Rxc7 $16 {[%emt 0:00:48] White is more active.} Rxc7 {[%emt 0:00:02][%mdl 4096] Endgame KRN-KRN} 34. Rc1 Rc8 35. f4 (35. Kf1 $14) 35... Kf8 36. Ne4 Ne7 37. Rxc8+ Nxc8 $11 {[%emt 0:00:04] KN-KN} 38. Kf3 Ke7 {[%emt 0:00:16] [#]} (38... Ne7 $11) 39. Ke3 $1 $16 Nb6 40. Kd4 (40. h4 $16) 40... Nd5 {[%emt 0:00:08] [#]} (40... h4 $1 $11 {keeps the balance.}) 41. a3 (41. h4 $1 $16) 41... h4 $11 42. gxh4 Nxf4 43. Ng5 Ng2 44. Nf3 Nf4 45. Ng5 Nd5 46. a4 f6 47. Ne4 f5 48. Nd6 Kd7 {[%emt 0:00:49] Against Nc8} 49. Nf7 Nf4 50. Ng5 Ng2 51. Nf3 Kc6 52. Kc4 Kb6 53. Kb4 Nf4 54. a5+ Kc6 {[%emt 0:03:06] Hoping for ...Kd5.} 55. Kc4 Nxh3 56. Nd4+ Kd7 57. a6 (57. Kb5 $11) 57... g5 58. h5 {[%emt 0:01:12][%cal Bh4h5,Bh5h6,Bh6h7][%mdl 32] Threatens to win with h6.} g4 {[%emt 0:02:56] White must now prevent ...g3.} 59. h6 {[%emt 0:00:07] h7 would kill now.} Ng5 {[%emt 0:00:02] ...g3 is the strong threat.} 60. Kd3 Nf7 ({Black should try} 60... f4 $15 61. Ne2 f3) 61. h7 {[%emt 0:00:15] The position is equal.} Nxe5+ 62. Ke3 Ng6 63. Nb5 f4+ 64. Ke2 Kc6 65. Nxa7+ Kb6 66. Nb5 e5 (66... Kxb5 67. a7 Kc4 68. a8=Q f3+ 69. Kf1 Kc5 70. Qe4 Nh8 71. Qe5+ Kc4 72. Qxh8) 67. a7 Kb7 68. Nd6+ Kxa7 69. Nf7 {[%emt 0:00:10][%cal Of7e5] And now Nxe5! would win.} e4 70. Ne5 Nh8 71. Nxg4 Kb7 72. Nf6 Kc6 73. Nxe4 Kd5 74. Kf3 Ke5 75. Ng5 Kf5 76. Nh3 Kg6 77. Kxf4 Kxh7 78. Kf5 Kg7 79. Ng5 Ng6 80. Ne6+ Kh6 81. Nc7 Ne7+ 82. Ke6 Ng6 83. Ne8 Kg5 84. Nd6 Nf4+ 85. Kd7 Kg4 86. Ne4 {[%emt 0:00:08] Weighted Error Value: White=0.14 (very precise) /Black=0.17 (very precise)} 1/2-1/2

[Event "58th Akiba Rubinstein D 2022"]
[Site "Polanica-Zdroj"]
[Date "2022.08.16"]
[Round "4.3"]
[White "Bem, Tymoteusz"]
[Black "Meizlin, Yaacov"]
[Result "1/2-1/2"]
[ECO "D58"]
[WhiteElo "1679"]
[BlackElo "1938"]
[Annotator "NA RC"]
[PlyCount "109"]
[EventDate "2022.08.13"]
[EventCountry "POL"]
[SourceTitle "playchess.com"]
[Source "ChessBase"]
[SourceQuality "1"]
[TimeControl "40/5400+30:1800+30"]

1. d4 d5 2. c4 e6 3. Nc3 Nf6 4. Nf3 Be7 5. Bg5 h6 6. Bh4 O-O 7. e3 b6 8. cxd5 exd5 9. Bd3 Be6 10. O-O c5 11. Rc1 a6 12. Ne5 Nfd7 $1 13. Bxe7 Qxe7 14. Nf3 Nc6 15. Bb1 Rfd8 {[%emt 0:23:30] [#]} 16. dxc5 $1 Nxc5 $16 17. Nd4 Rac8 18. Nxc6 Rxc6 19. Qd4 g6 20. Rfd1 Rcd6 21. Qf4 Qg5 22. Qxg5 hxg5 23. Ne2 Bc8 24. Nd4 Bb7 25. b4 Ne4 26. f3 Nf6 27. Rc7 R8d7 28. Rdc1 Kf8 29. Kf2 Rxc7 30. Rxc7 Rd7 31. Rc3 Ke7 32. Bd3 Ne8 33. Kg3 Rc7 34. Ra3 b5 35. Ne2 Nd6 36. Rc3 Rxc3 37. Nxc3 Nc4 38. e4 Ne5 39. Bc2 d4 40. Nb1 Bc8 41. Nd2 Be6 42. a4 d3 43. Bd1 Nc6 44. axb5 axb5 45. Kf2 Nxb4 46. Ke3 Bc4 47. Nxc4 bxc4 48. Kd4 Nc2+ 49. Kc3 Ne3 50. Ba4 Nxg2 51. Kxc4 d2 52. Kd3 Ne1+ 53. Ke2 Ke6 54. Bd1 Ke5 55. Kxd2 1/2-1/2

[Event "58th Akiba Rubinstein D 2022"]
[Site "Polanica-Zdroj"]
[Date "2022.08.16"]
[Round "4.4"]
[White "Lewandrowski, Tomasz"]
[Black "Litwin, Tomasz"]
[Result "1-0"]
[ECO "B06"]
[WhiteElo "1902"]
[BlackElo "1580"]
[Annotator "NA RC"]
[PlyCount "22"]
[EventDate "2022.08.13"]
[EventCountry "POL"]
[SourceTitle "playchess.com"]
[Source "ChessBase"]
[SourceQuality "1"]
[TimeControl "40/5400+30:1800+30"]

1. e4 d6 2. d4 g6 3. Nc3 Bg7 4. Be3 a6 5. h4 h6 6. Qd2 b5 $14 7. a4 b4 8. Nd1 a5 9. Bc4 e6 10. Ne2 Ne7 11. c3 Ba6 1-0

[Event "58th Akiba Rubinstein D 2022"]
[Site "Polanica-Zdroj"]
[Date "2022.08.16"]
[Round "4.5"]
[White "Kraczek, Cezary"]
[Black "Owoc, Jakub"]
[Result "1-0"]
[ECO "D02"]
[WhiteElo "1657"]
[BlackElo "1756"]
[Annotator "NA RC"]
[PlyCount "51"]
[EventDate "2022.08.13"]
[EventCountry "POL"]
[SourceTitle "playchess.com"]
[Source "ChessBase"]
[SourceQuality "1"]
[TimeControl "40/5400+30:1800+30"]

1. d4 d5 2. Nf3 Nf6 3. Nc3 a6 4. Bf4 e6 5. e3 c5 6. Be2 Nc6 7. O-O b5 8. Bxb5 axb5 9. Nxb5 Ra7 10. Nxa7 Nxa7 11. Ne5 Be7 12. dxc5 Bxc5 13. c4 O-O 14. Rc1 Qb6 15. Nd3 dxc4 16. Nxc5 Qxc5 17. Bd6 Qd5 18. Qxd5 exd5 19. Bxf8 Kxf8 20. Rfd1 Bf5 21. b3 Bd3 22. f3 Nc6 23. Kf2 Nb4 24. Rd2 Ke7 25. a3 Nc6 26. Rxd3 1-0

[Event "58th Akiba Rubinstein D 2022"]
[Site "Polanica-Zdroj"]
[Date "2022.08.16"]
[Round "4.6"]
[White "Gbiorczyk, Mikolaj"]
[Black "Marek, Grzegorz"]
[Result "1/2-1/2"]
[ECO "A50"]
[WhiteElo "1781"]
[BlackElo "1478"]
[Annotator "NA RC"]
[PlyCount "59"]
[EventDate "2022.08.13"]
[EventCountry "POL"]
[SourceTitle "playchess.com"]
[Source "ChessBase"]
[SourceQuality "1"]
[TimeControl "40/5400+30:1800+30"]

1. d4 Nf6 2. c4 b6 3. Nc3 Bb7 4. Qc2 d5 5. Nf3 e6 6. Bg5 Be7 7. e3 O-O 8. Be2 Nbd7 9. O-O Rc8 10. Qa4 a5 11. Rac1 c5 12. Ne5 dxc4 13. Rfd1 Nxe5 14. dxe5 Nd5 15. Bf4 Nxc3 16. Rxc3 Bc6 17. Rxd8 Bxa4 18. Rxc8 Rxc8 19. Bxc4 Rd8 20. Rd3 Bc6 21. f3 b5 22. Rxd8+ Bxd8 23. Be2 Bb6 24. Kf1 Kf8 25. Ke1 h6 26. e4 c4 27. Kd2 Bd4 28. Kc2 a4 29. h3 Ke7 30. g4 1/2-1/2

[Event "58th Akiba Rubinstein D 2022"]
[Site "Polanica-Zdroj"]
[Date "2022.08.16"]
[Round "4.7"]
[White "Urbanski, Wojciech"]
[Black "Liskiewicz, Jakub"]
[Result "0-1"]
[ECO "B08"]
[WhiteElo "1632"]
[BlackElo "1910"]
[Annotator "NA RC"]
[PlyCount "92"]
[EventDate "2022.08.13"]
[EventCountry "POL"]
[SourceTitle "playchess.com"]
[Source "ChessBase"]
[SourceQuality "1"]
[TimeControl "40/5400+30:1800+30"]

1. e4 d6 2. d4 Nf6 3. Nc3 g6 4. Nf3 Bg7 5. Be2 O-O 6. O-O Bg4 7. Be3 Nc6 8. Nd2 Bxe2 9. Qxe2 e5 10. d5 Ne7 11. Rad1 Nh5 12. f4 exf4 13. Bxf4 Nxf4 14. Rxf4 Nc8 15. Rdf1 Nb6 16. Qd3 Nd7 17. Nc4 Qe7 18. Nb5 (18. b4 $17) 18... Nc5 19. Qd1 a6 20. Nc3 b5 ({Black should try} 20... Rae8 $17 21. Nd2 Qd7) 21. Na5 $1 Be5 22. Nc6 Qg5 23. R4f3 Bxc3 24. Rxc3 Nxe4 25. Ra3 $17 Rae8 26. Qd4 Nc5 27. b4 Nd7 28. Rxa6 Re2 29. g3 Rfe8 30. Ra7 Rd2 31. Qc3 Nb6 32. Rxc7 Ree2 33. Ne7+ Qxe7 34. Qxd2 Qe4 35. Qxe2 Qxe2 36. Rfxf7 Qd1+ 37. Kf2 Qd4+ 38. Kf1 Nxd5 39. Rb7 Qd1+ 40. Kg2 Ne3+ 41. Kf2 Ng4+ 42. Kg2 Qd5+ 43. Kh3 Nf2+ 44. Rxf2 Qxb7 45. c3 Qc8+ 46. Kg2 Qxc3 0-1

[Event "58th Akiba Rubinstein D 2022"]
[Site "Polanica-Zdroj"]
[Date "2022.08.16"]
[Round "4.8"]
[White "Bartosik, Dawid"]
[Black "Kryzia, Wiktor"]
[Result "0-1"]
[ECO "B32"]
[WhiteElo "1443"]
[BlackElo "1764"]
[Annotator "NA RC"]
[PlyCount "90"]
[EventDate "2022.08.13"]
[EventCountry "POL"]
[SourceTitle "playchess.com"]
[Source "ChessBase"]
[SourceQuality "1"]
[TimeControl "40/5400+30:1800+30"]

1. e4 c5 2. Nf3 Nc6 3. d4 cxd4 4. Nxd4 g6 5. g3 Bg7 6. Be3 Nf6 7. Bg2 d5 8. Nxc6 bxc6 9. O-O Nxe4 10. Bd4 e5 11. Be3 Nd6 12. c3 O-O 13. Nd2 a5 14. Bc5 Re8 15. Bxd6 Qxd6 16. Re1 Rb8 17. Rb1 Bf5 18. Ra1 Qc5 19. b3 e4 20. Rc1 e3 21. fxe3 Rxe3 22. Rxe3 Qxe3+ 23. Kh1 Bxc3 24. Nf1 Qc5 25. Qf3 d4 26. Nd2 Qa3 27. Rd1 Bc2 28. Qf4 Qb4 29. Rf1 Rf8 30. Ne4 d3 31. a3 Qd4 32. Qh6 Qg7 33. Qe3 Bd4 34. Qd2 f5 35. Ng5 Qf6 36. Ne4 Qe7 37. Nc3 Be3 38. Qe1 d2 39. Qe2 Bxb3 40. Bxc6 Rc8 41. Nd5 Qe4+ 42. Rf3 Bxd5 43. Bxd5+ Qxd5 44. Qxe3 d1=Q+ 45. Kg2 Q1xf3+ 0-1

[Event "58th Akiba Rubinstein D 2022"]
[Site "Polanica-Zdroj"]
[Date "2022.08.16"]
[Round "4.9"]
[White "Markiewicz, Czeslaw"]
[Black "Sleczka, Krzysztof"]
[Result "1/2-1/2"]
[ECO "C89"]
[WhiteElo "1750"]
[BlackElo "1443"]
[Annotator "NA RC"]
[PlyCount "74"]
[EventDate "2022.08.13"]
[EventCountry "POL"]
[SourceTitle "playchess.com"]
[Source "ChessBase"]
[SourceQuality "1"]
[TimeControl "40/5400+30:1800+30"]

1. e4 e5 2. Nf3 Nc6 3. Bb5 a6 4. Ba4 Nf6 5. O-O b5 6. Bb3 Be7 7. Re1 O-O 8. c3 d5 9. exd5 Nxd5 10. d3 Bg4 11. Be3 Kh8 12. a4 Rb8 13. axb5 axb5 14. Ra6 Qd7 15. Nbd2 Ra8 16. Rxa8 Rxa8 17. h3 Bf5 18. Ne4 Nxe3 19. Rxe3 f6 20. Nh4 Be6 21. Bxe6 Qxe6 22. Qh5 Bd6 23. Rg3 Ne7 24. Nxd6 cxd6 25. Qf3 d5 26. Qg4 Qxg4 27. hxg4 Ra1+ 28. Kh2 Ra2 29. Re3 Rxb2 30. f4 Nc6 31. Nf3 Kg8 32. fxe5 fxe5 33. Nxe5 Nxe5 34. Rxe5 Rb3 35. Rxd5 Rxc3 36. Rxb5 Rxd3 37. Rb4 Rd4 1/2-1/2

[Event "58th Akiba Rubinstein D 2022"]
[Site "Polanica-Zdroj"]
[Date "2022.08.16"]
[Round "4.10"]
[White "Misiek, Stanislaw"]
[Black "Penza, Denis"]
[Result "0-1"]
[ECO "D17"]
[WhiteElo "1427"]
[BlackElo "1836"]
[Annotator "NA RC"]
[PlyCount "44"]
[EventDate "2022.08.13"]
[EventCountry "POL"]
[SourceTitle "playchess.com"]
[Source "ChessBase"]
[SourceQuality "1"]
[TimeControl "40/5400+30:1800+30"]

1. d4 d5 2. Nf3 Nf6 3. c4 c6 4. Nc3 dxc4 5. a4 Bf5 6. Ne5 e6 7. f3 c5 8. e4 cxd4 9. exf5 Nc6 10. Nxc6 bxc6 {[%emt 0:00:01] [#]} 11. Bxc4 $1 dxc3 12. Qxd8+ Rxd8 13. fxe6 fxe6 14. bxc3 Nd5 15. Bd2 Bd6 16. O-O Nb6 17. Bg5 Bc5+ 18. Kh1 Nxc4 19. Bxd8 Kxd8 20. Rab1 Kc7 21. Rfe1 Ne3 22. c4 Rb8 $19 0-1

[Event "58th Akiba Rubinstein D 2022"]
[Site "Polanica-Zdroj"]
[Date "2022.08.16"]
[Round "4.11"]
[White "Galuszka, Kamil"]
[Black "Krygiel, Konrad"]
[Result "0-1"]
[ECO "C45"]
[WhiteElo "1976"]
[BlackElo "1603"]
[Annotator "NA RC"]
[PlyCount "65"]
[EventDate "2022.08.13"]
[EventCountry "POL"]
[SourceTitle "playchess.com"]
[Source "ChessBase"]
[SourceQuality "1"]
[TimeControl "40/5400+30:1800+30"]

1. e4 e5 2. Nf3 Nc6 3. d4 exd4 4. Nxd4 Bc5 5. Be3 Qf6 6. c3 Nge7 7. Bc4 O-O 8. O-O Qg6 9. Nxc6 Qxc6 10. Bxc5 Qxc5 11. Nd2 d5 12. exd5 Nxd5 13. b4 Qc6 14. Qb3 Nf4 15. Nf3 b5 16. Bxf7+ Rxf7 17. Qxf7+ Kxf7 18. Ne5+ Kf6 19. Nxc6 Bb7 20. Nd4 Bxg2 21. Rfe1 Bd5 22. Re3 c6 23. Rae1 a5 24. Re8 Ra7 $18 (24... Rxe8 25. Rxe8 axb4) 25. Rf8+ Kg5 26. Re3 Nh5 27. Re5+ Kg6 28. f4 h6 29. f5+ Kh7 30. Ree8 g5 31. Ne6 Bxe6 32. fxe6 Kg6 33. Rf7 0-1

[Event "58th Akiba Rubinstein D 2022"]
[Site "Polanica-Zdroj"]
[Date "2022.08.16"]
[Round "4.12"]
[White "Sola, Wojciech"]
[Black "Wilgosz, Jan"]
[Result "1-0"]
[ECO "E62"]
[WhiteElo "1780"]
[BlackElo "1597"]
[Annotator "NA RC"]
[PlyCount "119"]
[EventDate "2022.08.13"]
[EventCountry "POL"]
[SourceTitle "playchess.com"]
[Source "ChessBase"]
[SourceQuality "1"]
[TimeControl "40/5400+30:1800+30"]

1. c4 Nf6 2. Nc3 g6 3. d4 Bg7 4. g3 O-O 5. Bg2 d6 6. Nf3 Nc6 7. O-O e5 8. dxe5 dxe5 9. Be3 Be6 10. b3 Qc8 11. Bc5 Rd8 12. Qc1 Bh3 13. Rd1 Bxg2 14. Rxd8+ Qxd8 15. Kxg2 b6 16. Ba3 e4 17. Ne1 a5 18. Qd1 Ng4 19. Rc1 Qxd1 20. Nxd1 a4 21. Nc2 f5 22. h3 Nf6 23. b4 Bh6 24. Nde3 Rd8 25. Bb2 Nh5 26. Rd1 Rxd1 27. Nxd1 Bg7 28. Bxg7 Nxg7 29. Nc3 Ne5 30. Ne3 Ne6 31. Nxa4 f4 32. Nd5 fxg3 33. Kxg3 Nxc4 34. Nf6+ Kf7 35. Nxe4 Nd4 36. Nac3 Nc2 37. b5 N4a3 38. e3 h6 39. Kf3 Ke6 40. Ke2 Nb4 41. Nd2 Nd5 42. Ndb1 Nxc3+ 43. Nxc3 Kd6 44. h4 Kc5 45. Kd3 Nxb5 46. Nxb5 Kxb5 47. f4 Kc5 48. a4 Kd5 49. e4+ Ke6 50. Kc4 c5 51. a5 bxa5 52. Kxc5 Kf6 53. Kd6 a4 54. e5+ Kg7 55. e6 a3 56. e7 a2 57. e8=Q a1=Q 58. Qe5+ Qxe5+ 59. fxe5 g5 60. e6 1-0

[Event "58th Akiba Rubinstein D 2022"]
[Site "Polanica-Zdroj"]
[Date "2022.08.16"]
[Round "4.13"]
[White "Wolska, Marta"]
[Black "Szczepanski, Krzysztof"]
[Result "0-1"]
[ECO "A40"]
[WhiteElo "1588"]
[BlackElo "1790"]
[Annotator "NA RC"]
[PlyCount "56"]
[EventDate "2022.08.13"]
[EventCountry "POL"]
[SourceTitle "playchess.com"]
[Source "ChessBase"]
[SourceQuality "1"]
[TimeControl "40/5400+30:1800+30"]

1. d4 e6 2. c4 Ne7 3. Nc3 Ng6 4. e4 Be7 5. Nf3 d6 6. Bd3 e5 7. O-O O-O 8. Qc2 Nc6 9. dxe5 Ncxe5 10. Nxe5 dxe5 11. Rd1 c6 12. a3 Bg5 13. b4 Qf6 14. Bf1 Bxc1 15. Raxc1 Nf4 16. Ne2 Bg4 17. c5 Bxe2 18. Bxe2 Rad8 19. Bf1 Ne6 20. a4 a6 21. Qb2 Nd4 22. b5 axb5 23. axb5 Rd7 24. b6 Rfd8 25. Rd3 g6 26. Ra3 Ne6 27. Ra7 Rd2 28. Rc2 Qxf2+ 0-1

[Event "58th Akiba Rubinstein D 2022"]
[Site "Polanica-Zdroj"]
[Date "2022.08.16"]
[Round "4.14"]
[White "Huchwajda, Katarzyna"]
[Black "Mareau, Timothe"]
[Result "0-1"]
[ECO "C00"]
[WhiteElo "1768"]
[BlackElo "1590"]
[Annotator "NA RC"]
[PlyCount "68"]
[EventDate "2022.08.13"]
[EventCountry "POL"]
[SourceTitle "playchess.com"]
[Source "ChessBase"]
[SourceQuality "1"]
[TimeControl "40/5400+30:1800+30"]

1. e4 e6 2. Qe2 d5 3. exd5 Qxd5 4. Nc3 Qd8 5. b3 Nf6 6. Bb2 Bc5 7. O-O-O Qe7 8. Kb1 Nc6 9. Nf3 Nd4 10. Nxd4 Bxd4 11. f4 Bd7 12. g3 Bc6 13. Bg2 Bxg2 14. Qxg2 O-O-O 15. Rhe1 Qc5 16. Qf3 Qf5 17. Qg2 Rd7 18. h3 h5 19. Na4 Rhd8 20. Bxd4 Rxd4 21. Re5 Qg6 22. Nc5 Nd5 23. Kb2 c6 24. Rg5 Qf6 25. Re5 Ne3 26. dxe3 Rxd1 27. Ne4 Qe7 28. Ra5 Kb8 29. Qf3 g6 30. Nc3 R1d2 31. Ne4 Rh2 32. h4 f5 33. Nc5 Rdd2 34. Na6+ bxa6 0-1

[Event "58th Akiba Rubinstein D 2022"]
[Site "Polanica-Zdroj"]
[Date "2022.08.16"]
[Round "4.15"]
[White "Garwacki, Kornel"]
[Black "Grzebieniowski, Michal"]
[Result "1/2-1/2"]
[ECO "B15"]
[WhiteElo "1571"]
[BlackElo "1710"]
[Annotator "NA RC"]
[PlyCount "110"]
[EventDate "2022.08.13"]
[EventCountry "POL"]
[SourceTitle "playchess.com"]
[Source "ChessBase"]
[SourceQuality "1"]
[TimeControl "40/5400+30:1800+30"]

1. e4 c6 2. d4 d5 3. Nc3 dxe4 4. Nxe4 Nf6 5. Nxf6+ exf6 6. Nf3 Bd6 7. Bd3 O-O 8. O-O Nd7 9. c4 Re8 10. Qc2 Nf8 11. Be3 Bg4 12. Nd2 Qc7 13. h3 Bh5 14. Ne4 Bf4 15. Rfe1 Bg6 16. Nc5 Bd6 17. Nb3 Rad8 18. Rad1 Bf4 19. Nc1 Re6 20. Bf5 Bxf5 21. Qxf5 Bxe3 22. fxe3 Qg3 23. Qf3 Qh4 24. Ne2 f5 25. Nf4 Re4 26. Qf2 Qe7 27. b3 Re8 28. Rd3 Nd7 29. Nh5 g6 30. Ng3 Re6 31. Qf3 Nf6 32. Re2 h5 33. Qf4 Ne4 34. Nf1 h4 35. Re1 Qf6 36. Qh6 Nd6 37. Nd2 a6 38. Nf3 Re4 39. Ne5 f4 40. Rf1 Nf5 41. Rxf4 R4xe5 42. dxe5 Qxe5 43. Qg5 Kg7 44. e4 f6 45. Rd7+ Re7 46. Rxe7+ Qxe7 47. Qg4 Ng3 48. Qd1 g5 49. Rf2 Nxe4 50. Qe1 Qe5 51. Rf3 f5 52. Qb4 Qd4+ 53. Kh2 Qe5+ 54. Kg1 Qd4+ 55. Kh1 Qa1+ 1/2-1/2

[Event "58th Akiba Rubinstein D 2022"]
[Site "Polanica-Zdroj"]
[Date "2022.08.16"]
[Round "4.16"]
[White "Bialik, Nikodem"]
[Black "Serewa, Antoni"]
[Result "1/2-1/2"]
[ECO "B20"]
[WhiteElo "1638"]
[BlackElo "1542"]
[Annotator "NA RC"]
[PlyCount "43"]
[EventDate "2022.08.13"]
[EventCountry "POL"]
[SourceTitle "playchess.com"]
[Source "ChessBase"]
[SourceQuality "1"]
[TimeControl "40/5400+30:1800+30"]

1. e4 c5 2. a3 d5 3. exd5 Qxd5 4. Nf3 Nc6 5. Nc3 Qd8 6. Bb5 Bd7 7. d4 Nxd4 8. Nxd4 cxd4 9. Qxd4 Bxb5 10. Qxd8+ Rxd8 11. Bd2 Nf6 12. Be3 e6 13. Rd1 Rc8 14. Bd4 Ke7 15. h3 Rc7 16. Ne4 h6 17. b3 b6 18. f4 Rd7 19. Nxf6 Kd6 20. Ng8 h5 21. Nf6 e5 22. fxe5+ 1/2-1/2

[Event "58th Akiba Rubinstein D 2022"]
[Site "Polanica-Zdroj"]
[Date "2022.08.16"]
[Round "4.17"]
[White "Wilgosz, Tomasz"]
[Black "Stepinski, Piotr"]
[Result "1/2-1/2"]
[ECO "B40"]
[WhiteElo "1513"]
[BlackElo "1568"]
[Annotator "NA RC"]
[PlyCount "36"]
[EventDate "2022.08.13"]
[EventCountry "POL"]
[SourceTitle "playchess.com"]
[Source "ChessBase"]
[SourceQuality "1"]
[TimeControl "40/5400+30:1800+30"]

1. e4 c5 2. Nf3 e6 3. c3 d5 4. exd5 Qxd5 5. d4 Nf6 6. Bb5+ Bd7 7. Bxd7+ Nbxd7 8. O-O Be7 9. Re1 cxd4 10. cxd4 O-O 11. Bf4 Bb4 12. Nc3 Bxc3 13. bxc3 Rac8 14. Re3 Rfd8 15. Bg5 h6 16. Bh4 Rc6 17. Bg5 Rcc8 18. Bh4 Rc6 1/2-1/2